 Dungeon Crawl Stone Soup version 0.18-a0-1639-g7533f42 (webtiles) character file.

46 syage the Sneak (level 3, -1/18 HPs)
             Began as a Vine Stalker Assassin on Mar 27, 2016.
             Slain by Sigmund
             ... wielding a +0 scythe
              (15 damage)
             ... on level 2 of the Dungeon.
             The game lasted 00:03:04 (971 turns).

syage the Sneak (Vine Stalker Assassin)              Turns: 971, Time: 00:03:05

Health: -1/18      AC:  6    Str: 13    XL:     3   Next: 66%
Magic:  0/4        EV: 12    Int: 11    God:
Gold:   128        SH:  0    Dex: 16    Spells: 0 memorised, 2 levels left

rFire  . . .     SeeInvis .     a - +2 dagger
rCold  . . .     Gourm    .     k - +2 robe {rN+}
rNeg   + . .     Faith    .     (no shield)
rPois  .         Spirit   +     (no helmet)
rElec  .         Dismiss  .     d - +0 cloak
rCorr  .         Reflect  .     l - +0 pair of gloves
SustAt .         Harm     .     (no boots)
MR     .....                    (no amulet)
Stlth  +++.......               (no ring)
                                (no ring)

@: not resistant to hostile enchantments, fairly stealthy
A: fangs 2, regeneration 1, magic shield, antimagic bite, no device heal 3, rot
immunity
a: no special abilities


You were on level 2 of the Dungeon.
You were not hungry.

You visited 1 branch of the dungeon, and saw 2 of its levels.

You collected 128 gold pieces.

Inventory:

Hand Weapons
 a - a +2 dagger (weapon)
 b - a +0 blowgun
Missiles
 e - 5 poisoned needles
 f - 2 curare-tipped needles
Armour
 c - a +0 robe
 d - a +0 cloak (worn)
 k - a +2 robe of positive energy (worn)
 l - a +0 pair of gloves (worn)
Scrolls
 i - a scroll of teleportation {unknown}
 m - 3 scrolls of identify {unknown}
 n - a scroll of random uselessness {unknown}
 r - a scroll of enchant armour {unknown}
Potions
 h - a potion of lignification {unknown}
 j - a potion of cure mutation {unknown}
 p - a potion of magic {unknown}
 q - 2 potions of resistance {unknown}
Comestibles
 g - 3 bread rations
 o - 2 meat rations


   Skills:
 + Level 2.0 Fighting
 * Level 2.2 Short Blades
 - Level 1.7 Throwing
 + Level 1.1 Dodging
 + Level 5.9 Stealth


You had 2 spell levels left.
You didn't know any spells.

Dungeon Overview and Level Annotations

Branches:
Dungeon (2/15)

Altars:

Annotations:
D:2 Sigmund


Innate Abilities, Weirdness & Mutations

You have extremely sharp teeth.
Your natural rate of healing is unusually fast.
When hurt, damage is shared between your health and your magic reserves.
Your bite disrupts and absorbs the magic of your enemies.
Potions and wands cannot restore your health.
You are immune to rotting.


Message History

You shoot a poisoned needle. Sigmund casts a spell at you.
The puff of flame hits you!
a - a +2 dagger (weapon)
You bump into the rock wall.
Sigmund misses you.
You see here 2 poisoned needles.
You hit Sigmund.
Sigmund is lightly wounded.
You feel less confused. Sigmund barely misses you.
You barely miss Sigmund. You bite Sigmund, but do no damage.
Sigmund is lightly wounded.
You hit Sigmund. Your bite misses Sigmund.
Sigmund is lightly wounded.
Sigmund barely misses you.
You hit Sigmund but do no damage. Your bite misses Sigmund.
Sigmund is lightly wounded.
Sigmund hits you with a scythe!
Ouch! That really hurt!
You die...

#....#.....###<#.# #.#
#.# #.#.##.....# #.#.#
#.# #.# #>#.#####.##
#.#.# #.# #.# #.#.# #.#
#.#.# #.# #.# #.#.# #.#
#.#.# #.###.# #.#.# #.#
##.#.# #.#...# #.#..
..###..#.###.#.###
#.#..######.............#
..%...@@..........#..#
....####(...#.#####..###
. #.###............ ...#
#....###..### ##..# .##.#
#..# #.#. ###.# #).#
...#.####.###..###
##................. #.
#####..########


You could see Sigmund.

Vanquished Creatures
  An adder (D:2)
  2 worms (D:2)
  3 goblins (D:1)
  5 hobgoblins
  4 jackals (D:2)
  4 bats
  3 giant newts (D:1)
  4 kobolds
  5 rats
31 creatures vanquished.

Notes
Turn   | Place    | Note
--------------------------------------------------------------
     0 | D:1      | syage the Vine Stalker Assassin began the quest for the Orb.
     0 | D:1      | Reached XP level 1. HP: 11/11 MP: 2/2
    34 | D:1      | Reached skill level 5 in Stealth
   163 | D:1      | Reached XP level 2. HP: 15/15 MP: 3/3
   744 | D:2      | Reached XP level 3. HP: 18/18 MP: 4/4
   762 | D:2      | Reached skill level 1 in Dodging
   954 | D:2      | Noticed Sigmund
   971 | D:2      | Slain by Sigmund

Vault maps used:
D:1:      lemuel_arrival_broad_hall
D:2:      uniq_sigmund

Skill      XL: |  1  2  3 |
---------------+----------+-----
Stealth        | 5 |  5.9
Short Blades   | 2 |  2.2
Fighting       | 2 |  2.0
Dodging        | 1 |  1.1
Throwing       | |  1.7

Action                   || total
-------------------------++-------
Melee: Dagger            ||    90
 Fire: Blowgun           ||     3
 Stab: Sleeping          ||    10
